Map: [ESL] Tropical Sacrifice

Players

Harstem - Winner!

  • Race: Protoss Protoss
  • Spawn Location: 7:00

Scarlett

  • Race: Zerg Zerg
  • Spawn Location: 1:00

Event: DreamHack SC2 Masters 2022 Valencia

VOD

Have the link to the VOD?

Description

Time

  • Played on: July 2, 2022, 6:39 a.m.
  • Length: 13:28

All games in this series

Show
View Real Time Build Order
Export as new Build Order

Harstem Protoss - Winner!

Build Orders: 1 Gate Expand, Oracle Opening, Zealot Archon 

Get SALT Encoding   

  12  0:00  Probe  
  13  0:12  Probe  
  14  0:20  Pylon  
  14  0:24  Probe (Chrono Boost)  
  15  0:39  Probe (Chrono Boost), Gateway  
  16  0:46  Probe (Chrono Boost)  
  16  0:48  Assimilator  
  17  0:53  Probe  
  18  1:05  Probe  
  19  1:17  Probe  
  20  1:25  Nexus  
  20  1:37  Cybernetics Core  
  20  1:38  Probe  
  21  1:49  Assimilator  
  21  1:50  Probe  
  22  1:56  Pylon  
  22  2:03  Probe  
  23  2:11  Adept (Chrono Boost), Probe  
  26  2:18  Stargate  
  26  2:19  Probe  
  26  2:27  Warp Gate  
  27  2:30  Probe (Chrono Boost)  
  27  2:36  Stalker  
  30  2:38  Probe (Chrono Boost)  
  32  2:47  Probe (Chrono Boost)  
  32  2:48  Probe (Chrono Boost)  
  33  2:53  Probe x2 (Chrono Boost)  
  35  3:04  Oracle (Chrono Boost)  
  38  3:14  Probe x2  
  40  3:21  Pylon, Gateway  
  40  3:26  Probe x2  
  42  3:38  Probe x2  
  42  3:39  Oracle (Chrono Boost)  
  47  3:49  Nexus  
  47  3:50  Probe  
  47  3:51  Probe  
  49  3:55  Pylon  
  49  4:02  Probe  
  50  4:03  Probe  
  50  4:06  Oracle (Chrono Boost)  
  54  4:14  Probe, Gateway  
  54  4:16  Probe  
  56  4:18  Stalker  
  56  4:20  Pylon  
  58  4:25  Stalker  
  58  4:27  Assimilator  
  58  4:28  Probe  
  58  4:30  Probe  
  62  4:40  Probe  
  62  4:42  Probe  
  64  4:45  Stalker  
  64  4:49  Pylon  
  64  4:52  Probe, Shield Battery  
  67  4:53  Stalker  
  67  4:54  Probe (Chrono Boost)  
  70  5:01  Probe (Chrono Boost)  
  70  5:04  Assimilator  
  70  5:05  Probe (Chrono Boost)  
  70  5:07  Probe (Chrono Boost)  
  73  5:11  Stalker x2  
  73  5:12  Probe (Chrono Boost)  
  73  5:13  Probe (Chrono Boost)  
  79  5:14  Probe (Chrono Boost)  
  79  5:17  Probe (Chrono Boost)  
  79  5:20  Stalker, Probe (Chrono Boost)  
  84  5:24  Probe (Chrono Boost)  
  84  5:28  Probe (Chrono Boost), Assimilator  
  86  5:29  Forge  
  86  5:30  Assimilator  
  88  5:36  Probe x2 (Chrono Boost)  
  88  5:41  Twilight Council, Probe (Chrono Boost), Gateway  
  89  5:43  Robotics Facility  
  89  5:44  Zealot  
  89  5:47  Probe x2  
  93  6:00  Probe x3  
  93  6:03  Protoss Ground Weapons Level 1  
  93  6:04  Pylon  
  93  6:13  Blink (Chrono Boost), Gateway  
  93  6:14  Gateway  
  93  6:16  Gateway  
  93  6:18  Pylon  
  93  6:19  Photon Cannon  
  93  6:22  Templar Archives, Probe  
  94  6:35  Observer (Chrono Boost)  
  94  6:37  Probe  
  94  6:39  Nexus  
  96  6:41  Pylon, Sentry, Zealot x2  
  96  6:42  Zealot  
  104  6:48  Probe  
  104  7:00  Warp Prism  
  106  7:01  Gateway  
  106  7:03  Gateway  
  106  7:04  Zealot  
  106  7:06  Gateway  
  107  7:10  Pylon  
  107  7:19  Gateway  
  106  7:24  Probe  
  106  7:26  Probe  
  106  7:27  Probe  
  106  7:29  Gateway  
  109  7:32  High Templar x4  
  117  7:37  Pylon  
  117  7:38  Pylon, Archon  
  117  7:39  Archon  
  117  7:40  Pylon  
  117  7:41  Psionic Storm  
  117  7:45  Nexus  
  117  7:48  Pylon  
  117  7:50  Pylon  
  117  7:55  Pylon, Probe  
  118  7:58  High Templar  
  118  7:59  High Templar x3  
  118  8:01  Zealot x2  
  118  8:02  Probe, Phoenix (Chrono Boost)  
  133  8:06  Photon Cannon, Probe  
  133  8:11  Gateway  
  133  8:12  Photon Cannon, Gateway  
  134  8:15  Gateway  
  134  8:18  Protoss Ground Weapons Level 2 (Chrono Boost)  
  134  8:19  High Templar x2  
  135  8:21  Photon Cannon  
  135  8:24  Stalker  
  135  8:25  Probe  
  135  8:26  Probe  
  135  8:27  Assimilator  
  139  8:31  Assimilator  
  139  8:32  Zealot x4  
  148  8:35  Stalker  
  148  8:36  Stalker  
  150  8:41  Probe  
  150  8:42  Probe  
  150  8:45  Probe  
  152  8:51  High Templar  
  152  8:53  Probe (Chrono Boost)  
  152  8:55  Photon Cannon  
  155  8:57  Photon Cannon  
  156  9:06  Probe (Chrono Boost)  
  156  9:07  Probe (Chrono Boost)  
  156  9:08  Immortal (Chrono Boost)  
  159  9:10  High Templar x2  
  159  9:11  Probe x2 (Chrono Boost)  
  159  9:12  Pylon  
  159  9:13  Pylon  
  159  9:14  Pylon  
  167  9:18  Gateway  
  167  9:21  Archon  
  167  9:24  Charge (Chrono Boost)  
  159  9:35  High Templar x2  
  159  9:38  Probe  
  164  9:42  Archon, Probe  
  164  9:43  Zealot x6  
  164  9:44  Immortal (Chrono Boost)  
  164  9:45  Probe  
  176  9:50  Probe  
  172  9:53  Shield Battery  
  172  9:54  High Templar x2  
  172  9:58  Gateway  
  172  9:59  Photon Cannon, Gateway  
  175  10:01  Zealot x2  
  175  10:06  Archon  
  178  10:08  Zealot x6  
  185  10:15  Immortal (Chrono Boost)  
  185  10:16  Zealot x2  
  182  10:35  Pylon  
  170  10:36  High Templar x4, Zealot  
  170  10:37  Zealot x4  
  170  10:42  Archon x2  
  188  10:44  Pylon  
  188  10:53  Probe  
  188  10:56  Zealot x2  
  193  11:01  High Templar x3  
  193  11:02  High Templar, Zealot  
  199  11:05  Photon Cannon  
  199  11:06  Photon Cannon  
  199  11:07  Photon Cannon  
  199  11:08  Archon  
  187  11:25  Zealot x6  
  173  11:28  Archon  
  173  11:29  Stalker, Immortal (Chrono Boost)  
  180  11:40  Stalker x3  
  180  11:41  Stalker  
  184  11:51  Nexus  
  176  11:54  Pylon  
  176  11:56  Immortal (Chrono Boost), High Templar  
  176  11:57  High Templar, Zealot x3  
  190  12:07  Archon  
  176  12:09  Zealot x6  
  178  12:29  Zealot x5  
  179  12:39  Zealot x5  
  181  12:47  Probe x2  
  181  12:49  Fleet Beacon  
  177  12:55  High Templar x4  
  177  12:57  Zealot x2  
  183  13:01  Archon  
  183  13:02  Zealot x4  
  177  13:06  Archon  
  167  13:15  Zealot  
Show
View Real Time Build Order
Export as new Build Order

Scarlett Zerg 

Build Orders: Hatch First 

Get SALT Encoding   

  12  0:00  Drone  
  13  0:12  Overlord  
  13  0:17  Drone  
  14  0:31  Drone x2  
  16  0:48  Hatchery  
  15  0:52  Drone  
  15  0:55  Drone  
  17  0:59  Drone  
  18  1:10  Extractor  
  17  1:15  Spawning Pool  
  17  1:17  Drone  
  17  1:22  Drone  
  18  1:28  Drone  
  19  1:40  Drone  
  20  1:50  Drone  
  21  2:01  Queen x2  
  21  2:02  Overlord, Zergling x2  
  26  2:11  Drone x2  
  26  2:14  Metabolic Boost  
  28  2:24  Drone x2  
  30  2:36  Hatchery  
  29  2:40  Zergling x2  
  29  2:41  Drone  
  31  2:47  Overlord  
  31  2:51  Queen  
  31  2:53  Drone  
  34  3:00  Drone  
  34  3:01  Drone  
  36  3:11  Drone x5  
  40  3:14  Queen  
  40  3:18  Overlord  
  42  3:22  Drone  
  43  3:28  Drone  
  43  3:32  Spore Crawler  
  43  3:36  Queen  
  43  3:37  Evolution Chamber  
  43  3:39  Drone  
  43  3:40  Drone x2  
  47  3:46  Drone x3  
  50  3:50  Queen  
  50  3:53  Overlord  
  52  3:58  Queen  
  54  4:03  Drone x2  
  54  4:06  Drone x2  
  57  4:11  Drone  
  57  4:16  Overlord  
  58  4:18  Drone x2, Zerg Melee Weapons Level 1  
  60  4:26  Drone  
  60  4:27  Drone x5  
  66  4:33  Overlord  
  66  4:37  Spore Crawler  
  61  4:45  Drone  
  61  4:46  Drone x6  
  61  4:49  Hatchery  
  67  4:54  Drone  
  67  4:56  Drone x4  
  71  5:03  Drone  
  71  5:04  Spore Crawler  
  71  5:08  Spore Crawler, Drone x2  
  71  5:11  Extractor, Drone x4  
  71  5:12  Zergling x2  
  71  5:13  Zergling x2  
  77  5:18  Zergling x4  
  78  5:23  Hatchery  
  78  5:25  Lair, Zergling x2  
  78  5:26  Zergling x2  
  79  5:28  Zergling x2  
  79  5:29  Zergling x2  
  79  5:32  Zergling x2  
  79  5:34  Overlord x2  
  82  5:42  Overlord x2  
  82  5:43  Overlord  
  82  5:52  Overlord  
  82  5:53  Zergling x20  
  82  5:56  Roach Warren  
  91  6:03  Extractor  
  90  6:15  Hatchery  
  90  6:16  Extractor  
  88  6:19  Drone x2  
  88  6:20  Drone  
  88  6:22  Zergling x22  
  102  6:29  Extractor  
  102  6:31  Baneling Nest  
  102  6:32  Zerg Melee Weapons Level 2  
  100  6:43  Glial Reconstitution, Drone x2  
  100  6:45  Drone x11  
  112  6:59  Drone x2  
  112  7:00  Drone x4  
  114  7:09  Roach  
  114  7:10  Roach x7  
  114  7:13  Pneumatized Carapace  
  114  7:15  Centrifugal Hooks  
  130  7:17  Roach x3  
  130  7:18  Overlord x4  
  134  7:29  Zergling x2  
  135  7:30  Zergling x8  
  135  7:34  Baneling x4  
  138  7:37  Overlord x2  
  138  7:39  Zergling x6  
  138  7:43  Extractor  
  138  7:44  Drone x3  
  140  7:52  Roach x7, Drone  
  140  7:53  Drone x2  
  140  7:56  Zergling x2  
  158  8:08  Zergling x18  
  158  8:11  Baneling x4  
  167  8:16  Spore Crawler  
  166  8:20  Baneling x10  
  166  8:21  Baneling x7, Zergling x2  
  166  8:22  Zergling x22  
  178  8:48  Overlord x4  
  174  8:49  Zerg Missile Weapons Level 1  
  174  8:53  Baneling x14  
  172  9:07  Drone x6  
  176  9:15  Drone x7  
  183  9:17  Zergling x24  
  189  9:37  Zergling x20  
  185  9:51  Zergling x24  
  190  10:01  Baneling x10  
  190  10:06  Infestation Pit, Extractor  
  183  10:07  Extractor  
  166  10:16  Roach x13  
  182  10:35  Zergling x22  
  173  10:36  Baneling x15  
  173  10:42  Hive  
  179  10:43  Zerg Missile Weapons Level 2  
  179  10:49  Zergling x2, Hatchery  
  182  10:50  Zergling x16  
  178  10:59  Zergling x10  
  177  11:08  Drone x4  
  162  11:14  Roach x6  
  162  11:15  Baneling x5  
  171  11:24  Drone x5  
  172  11:28  Roach x7  
  172  11:29  Roach  
  174  11:48  Roach x6  
  174  11:49  Roach  
  185  11:55  Zergling x6  
  187  12:08  Zergling x20  
  175  12:11  Ravager x3  
  173  12:17  Ravager x4  
  173  12:18  Zergling x2  
  173  12:19  Zergling x8  
  181  12:29  Zergling x8  
  166  12:42  Drone x5  
  157  12:51  Roach  
  157  12:52  Roach x3  
  157  12:58  Baneling x3  

Tags
 
Add a new tag
Caveats
  • Supply blocks, unpowered buildings, or Contaminate may cause inaccurate times.
  • Supply counts are checked every 10 seconds.